 Dungeon Crawl Stone Soup version 0.26-a0-537-g96b2eae49b (webtiles) character file.

Game seed: 18185440823004118076

1337 Eifo4Ohj9gu9Dob0ohLe the Chopper (level 8, -2/70 HPs)
             Began as a Red Draconian Berserker on Aug 14, 2020.
             Was a Priest of Trog (penitent).
             Slain by Prince Ribbit (10 damage)
             ... on level 6 of the Dungeon.
             The game lasted 00:44:40 (5681 turns).

Eifo4Ohj9gu9Dob0ohLe the Chopper (DrBe)             Turns: 5681, Time: 00:44:40

Health: -2/70      AC:  6    Str: 21    XL:     8   Next: 35%
Magic:  8/8        EV: 14    Int:  8    God:    Trog [*]
Gold:   280        SH:  0    Dex:  9    Spells: 5/7 levels left

rFire    + . .     SeeInvis .   a - +2 hand axe
rCold    . . .     Faith    .   (no shield)
rNeg     . . .     Spirit   .   (armour unavailable)
rPois    .         Reflect  .   (helmet restricted)
rElec    .         Harm     .   (no cloak)
rCorr    .         Clarity  +   (no gloves)
MR       .....                  (no boots)
Stlth    ++........             (no amulet)
HPRegen  0.21/turn              (no ring)
MPRegen  0.11/turn              (no ring)

@: mighty
A: breathe fire, unfitting armour, clarity, clumsy 1, fire resistance 1,
cold-blooded, AC +6
a: Breathe Fire, Renounce Religion


You were on level 6 of the Dungeon.
You worshipped Trog.
Trog was demanding penance.
You visited 1 branch of the dungeon, and saw 6 of its levels.

You collected 280 gold pieces.

Inventory:

Hand Weapons
 a - a +2 hand axe (weapon)
 c - a +0 hand axe
 k - a +0 hunting sling
 n - a +2 short sword of venom
 p - a +0 war axe
 u - a +0 quarterstaff
 A - a +0 hand axe
 D - a +0 rapier
Missiles
 e - 45 sling bullets
Armour
 C - the +5 robe "Heafruwn" {*Drain +Blink Str+3, unknown}
   (You found it on level 5 of the Dungeon)

   It affects your strength (+3).
   It lets you blink.
   It causes draining when unequipped.
Jewellery
 d - a cursed ring of protection from cold {unknown}
 h - an uncursed ring of resist corrosion
 i - an uncursed ring of positive energy {unknown}
 B - an uncursed ring of protection from fire {unknown}
Scrolls
 b - a scroll of enchant weapon
 g - a scroll of teleportation {unknown}
 j - a scroll of amnesia
 l - a scroll of fear {unknown}
 r - 2 scrolls of remove curse
 t - a scroll of blinking {unknown}
 v - 2 scrolls of identify {unknown}
 x - a scroll of random uselessness {unknown}
 y - a scroll of magic mapping
Potions
 m - a potion of resistance {unknown}
 q - a potion of ambrosia {unknown}
 s - a potion of magic {unknown}
 z - a potion of berserk rage


   Skills:
 + Level 5.8 Fighting
 + Level 1.7 Short Blades
 + Level 7.5 Axes
 + Level 5.2 Dodging
 + Level 2.5 Stealth


You had 5 spell levels left.
You knew the following spells:

 Your Spells              Type           Power        Failure   Level
a - Call Imp              Summ           #.......     54%         2

Your spell library contained the following spells:

 Spells                   Type           Power        Failure   Level
 Summon Small Mammal      Summ           #...         41%         1
 Call Canine Familiar     Summ           #.......     78%         3
 Summon Guardian Golem    Hex/Summ       #.......     78%         3
 Summon Ice Beast         Ice/Summ       #.......     99%         4
 Summon Lightning Spire   Summ/Air       #.......     99%         4


Dungeon Overview and Level Annotations

Branches:
Dungeon (6/15)             Temple (0/1) D:4

Altars:
Okawaru

Annotations:
D:6 Prince Ribbit


Innate Abilities, Weirdness & Mutations

You can breathe blasts of fire.
Your fiery red scales are hard. (AC +6)
You cannot fit into any form of body armour.
Your flesh is heat resistant. (rF+)
You are cold-blooded and may be slowed by cold attacks.
You possess an exceptional clarity of mind.
You are clumsy. (Dex -2)


Message History

* * * LOW HITPOINT WARNING * * *
You hit Edmund but do no damage. You tail-slap Edmund, but do no damage.
Edmund is severely wounded.
You hit Edmund but do no damage.
Edmund is severely wounded.
Edmund hits you with a +6 dire flail of protection.
* * * LOW HITPOINT WARNING * * *
You feel much better.
Edmund hits you with a +6 dire flail of protection!
* * * LOW HITPOINT WARNING * * *
You slash Edmund!
You kill Edmund!
Trog accepts your kill.
You barely miss Prince Ribbit.
Your tail-slap misses Prince Ribbit.
Prince Ribbit is lightly wounded.
Prince Ribbit hits you!
* * * LOW HITPOINT WARNING * * *
You feel very mighty all of a sudden. Prince Ribbit hits you!
You die...

#................###
#####+###..#.##..# #
#<.....#.#...#
#.####.#.##### #.#
#.#....##### #.#
#..........# #.#
######.###.# #.#
#...#.#.# #.#
#...@.#.# #.#
#####F#.# .#.# ##.#
#.#
###################.#
....................#
#####################


You could see Prince Ribbit.

Vanquished Creatures
  The ghost of ZangPog the Slasher, an amateur DsGl of Hepliaklqana (D:3)
  Edmund (D:6)
  A black bear (D:6)
  A phantom (D:5)
  3 ogres
  A gnoll sergeant (D:5)
  A howler monkey (D:5)
  A bullfrog zombie (D:5)
  4 hounds
  An orc priest (D:4)
  An iguana (D:6)
  Natasha (D:4)
  An orc wizard (D:4)
  2 worker ants
  A hound skeleton (D:5)
  4 gnolls (D:5)
  4 adders
  A white imp (D:5)
  2 oozes
  4 worms
  A dart slug (D:4)
  2 leopard geckos
  20 orcs
  3 ball pythons
  4 bats
  5 giant cockroaches
  4 goblins
  3 hobgoblins
  8 jackals
  10 kobolds
  3 frilled lizards
  A leopard gecko skeleton (D:4)
  8 rats
108 creatures vanquished.

Notes
Turn   | Place    | Note
-------+----------+-------------------------------------------
     0 | D:1      | Eifo4Ohj9gu9Dob0ohLe the Draconian Berserker began the
                  | quest for the Orb.
     0 | D:1      | Reached XP level 1. HP: 19/19 MP: 1/1
   314 | D:1      | Gained mutation: You are clumsy. (Dex -2) [potion of
                  | mutation]
   314 | D:1      | Gained mutation: Your flesh is heat resistant. (rF+)
                  | [potion of mutation]
   314 | D:1      | Gained mutation: You possess an exceptional clarity of
                  | mind. [potion of mutation]
   695 | D:2      | Reached XP level 2. HP: 24/26 MP: 2/2
   793 | D:2      | Reached XP level 3. HP: 19/31 MP: 3/3
  1258 | D:2      | HP: 1/33 [adder (5)]
  2093 | D:3      | Found a runed translucent door.
  2093 | D:3      | Noticed ZangPog's ghost (amateur DsGl)
  2115 | D:3      | Killed ZangPog's ghost
  2115 | D:3      | Reached skill level 1 in Short Blades
  2115 | D:3      | Reached skill level 4 in Axes
  2115 | D:3      | Reached skill level 1 in Stealth
  2115 | D:3      | Reached XP level 4. HP: 14/41 MP: 4/4
  2115 | D:3      | Reached XP level 5. HP: 16/47 MP: 5/5
  2216 | D:3      | HP: 2/47 [orc/+0 short sword (4)]
  2772 | D:3      | Reached ** piety under Trog
  2958 | D:3      | Reached XP level 6. HP: 53/53 MP: 6/6
  3397 | D:4      | Reached skill level 5 in Axes
  3873 | D:4      | Found a glowing drain.
  3936 | D:4      | Your scales start taking on a fiery red colour.
  3936 | D:4      | Reached XP level 7. HP: 60/60 MP: 7/7
  3936 | D:4      | Mutation became permanent: Your flesh is heat resistant.
                  | (rF+) [Red Draconian growth]
  3936 | D:4      | Gained mutation: Your flesh is heat resistant. (rF+) [Red
                  | Draconian growth]
  3989 | D:4      | Found a staircase to the Ecumenical Temple.
  4107 | D:4      | Noticed Natasha
  4114 | D:4      | Killed Natasha
  4114 | D:4      | Reached skill level 5 in Fighting
  4159 | D:5      | Entered Level 5 of the Dungeon
  4228 | D:5      | Reached skill level 6 in Axes
  4517 | D:5      | Reached *** piety under Trog
  5100 | D:5      | Reached XP level 8. HP: 67/69 MP: 8/8
  5114 | D:5      | Got a faintly humming robe
  5189 | D:5      | Reached skill level 7 in Axes
  5251 | D:5      | Found an iron altar of Okawaru.
  5409 | D:6      | Was placed under penance by Trog
  5412 | D:6      | Learned a level 2 spell: Call Imp
  5429 | D:6      | Reached skill level 5 in Dodging
  5657 | D:6      | Noticed Edmund
  5662 | D:6      | Noticed Prince Ribbit
  5679 | D:6      | Killed Edmund
  5681 | D:6      | Slain by Prince Ribbit

Illustrated notes

Levels and vault maps discovered:
D:1:      nicolae_arrival_washed_ashore, layout_basic,
          chequers_serial_rivers_small_a
D:2:      layout_basic
D:3:      layout_loops_ring, hellmonk_ghost_happy_afterlife, roderic_lattice_a
D:4:      layout_cave_pools, minmay_temple_entry_glass, portal_sewer_entry_c,
          corexii_checkpoint_a, uniq_natasha
D:5:      corexii_shack_village, layout_basic, kennysheep_okawaru_gauntlet
D:6:      layout_basic, minmay_misc_feat_plants, uniq_edmund,
          uniq_prince_ribbit1

Skill      XL: |  1  2  3  4  5  6  7  8 |
---------------+-------------------------+-----
Dodging        | 3 4 5 |  5.2
Fighting       | 4 5 |  5.8
Short Blades   | 1 |  1.7
Axes           | 4 5 6 7 |  7.5
Stealth        | 1 2 |  2.5

Action                   |  1- 3 |  4- 6 |  7- 9 || total
-------------------------+-------+-------+-------++-------
Melee: Hand axe          |    68 |   147 |   140 ||   355
       Tailslap          |     9 |    13 |    21 ||    43
       Short sword       |    16 |     2 |       ||    18
Invok: Berserk           |     1 |     2 |     2 ||     5
 Abil: Breathe Fire      |       |       |     3 ||     3
  Use: Scroll            |     4 |       |     3 ||     7
       Potion            |     7 |     2 |     2 ||    11
 Stab: Sleeping          |       |     1 |     3 ||     4
Armor: Skin              |    18 |    46 |    45 ||   109
Dodge: Dodged            |    57 |    88 |   114 ||   259

Table legend: (Time is in decaauts)
 A = Elapsed time spent in this place.
 B = Non-inter-level travel time spent in this place.
 C = Inter-level travel time spent in this place.
 D = Time resting spent in this place.
 E = Time spent auto-exploring this place.
 F = Levels seen in this place.
 G = Mean time per level.
                   A        B        C        D        E       F      G
               +--------+--------+--------+--------+--------+-----+--------+
         Total |   5747 |   5638 |    109 |   1430 |    996 |   6 |  957.8 |
       Dungeon |   5747 |   5638 |    109 |   1430 |    996 |   6 |  957.8 |
               +--------+--------+--------+--------+--------+-----+--------+

Top non-repeatable levels by time:
     D:2: 1609 daAuts
     D:3: 1274 daAuts
     D:5: 1240 daAuts
     D:4: 858 daAuts
     D:1: 465 daAuts
     D:6: 299 daAuts
